Devils vs BlueJackets

Created - Sunday, March 01, 2015 at 02:15

Goals
1 2 3 T
Devils 1 1 3 5
BlueJackets 2 1 0 3
Shots
1 2 3 T
Devils 6 6 12 24
BlueJackets 7 5 10 22

1st period

1. Devils , Drew Stafford 26 (Tyler Johnson, Jamie McGinn) at 2:58
2. BlueJackets , Erik Cole 12 (Sam Gagner, Manny Malhotra) at 14:50
3. BlueJackets , Michael Raffl 3 (Kevin Klein, Adam Pardy) at 17:32

Penalties :
Justin Williams (Clb) for Hooking (Minor) at 11:20, Patrik Berglund (NJD) for Hooking (Minor) at 17:35

2nd period

4. BlueJackets , Teddy Purcell 14 (Vernon Fiddler) at 6:42
5. Devils , Drew Stafford 27 (Tyler Johnson) at 16:34 (PP)

Penalties :
Tyler Johnson (NJD) for Hooking (Minor) at 0:23, Patrik Berglund (NJD) for Delaying the game (Minor) at 9:29, Adam Pardy (Clb) for High sticking (Minor) at 16:32

3rd period

6. Devils , Drew Stafford 28 (Tyler Johnson, John Carlson) at 0:34
7. Devils , Kris Versteeg 11 (Patrik Berglund, Scooter Vaughan) at 10:16 (PP)
8. Devils , Tyler Johnson 23 (John Carlson, Alex Tanguay) at 14:50

Penalties :
Tobias Enstrom (Clb) for Hooking (Minor) at 0:39, Ryan Garbutt (Clb) for Hooking (Minor) at 9:05, Tobias Enstrom (Clb) for Roughing (Double Minor) at 10:35

Goalie Stats

Thomas Greiss (NJD), 19 saves from 22 shots - (0.864), W, 10-8-0, 60:00 minutes
Jake Allen (Clb), 19 saves from 24 shots - (0.792), L, 7-15-3, 60:00 minutes

Players Stats for Devils

Player Name              G  A  P  +/- PIM S  H  SB GA TA FO     MP     PP MP  PK MP  
------------------------------------------------------------------------------------
Adam Burish              0  0  0  -1  0   0  0  1  2  0  0/0    12:07   0:00   0:57 
Ales Hemsky              0  0  0  -1  0   2  1  0  1  0  0/0    11:03   0:00   0:22 
Alex Tanguay             0  1  1   0  0   1  0  0  1  0  3/7    11:00   0:03   0:00 
Brent Seabrook           0  0  0   1  0   0  3  2  1  0  0/0    26:35   5:36   3:43 
David Warsofsky          0  0  0   0  0   0  1  1  0  0  0/0    12:55   0:00   0:00 
Drew Stafford            3  0  3   1  0   7  0  1  2  1  2/5    22:02   4:48   4:41 
Jamie McGinn             0  1  1   0  0   1  0  0  0  1  0/1    17:17   4:45   0:54 
Jason Akeson             0  0  0   0  0   0  0  0  0  0  0/0    11:11   0:00   1:56 
Jay Beagle               0  0  0   0  0   2  0  0  0  0  1/2     8:10   0:00   0:00 
John Carlson             0  2  2   1  0   1  1  3  1  2  0/0    26:35   5:36   3:43 
Kris Versteeg            1  0  1   0  0   2  0  0  1  0  0/0    17:22   4:22   0:00 
Martin Erat              0  0  0   0  0   1  2  0  0  2  0/0    17:22   4:22   0:00 
Matt Irwin               0  0  0   0  0   1  3  0  1  1  0/0    12:55   0:00   0:00 
Patrik Berglund          0  1  1   0  4   1  4  0  3  1  7/15   17:52   4:22   0:00 
Ryan Jones               0  0  0   0  0   2  0  0  1  0  0/0     8:10   0:00   0:00 
Scooter Vaughan          0  1  1  -1  0   1  1  1  0  0  0/0    20:30   3:34   2:14 
Tim Gleason              0  0  0  -1  0   0  0  4  0  2  0/0    20:30   3:34   2:14 
Tyler Johnson            1  3  4   1  2   2  0  0  2  1  10/18  20:24   4:48   3:04 

Players Stats for BlueJackets

Player Name              G  A  P  +/- PIM S  H  SB GA TA FO     MP     PP MP  PK MP  
------------------------------------------------------------------------------------
Adam Pardy               0  1  1   1  2   1  2  1  0  1  0/0    24:35   3:35   6:22 
Chad Ruhwedel            0  0  0  -1  0   0  0  1  0  1  0/0    16:28   0:00   1:58 
Drew Shore               0  0  0   0  0   0  0  0  4  0  6/11   13:58   0:00   0:00 
Erik Cole                1  0  1   0  0   3  2  0  5  0  0/0    19:25   3:03   1:28 
James Wright             0  0  0   0  0   0  1  1  0  0  3/4     8:05   0:00   1:45 
Jesse Winchester         0  0  0   0  0   0  3  1  0  2  0/0    14:07   0:00   0:00 
Justin Williams          0  0  0   0  2   5  0  0  0  0  0/1    22:11   2:54   4:16 
Kevin Connauton          0  0  0  -1  0   0  0  1  0  0  0/0    12:39   0:00   0:00 
Kevin Klein              0  1  1   2  0   1  1  3  0  1  0/0    23:17   2:22   5:10 
Magnus Paajarvi          0  0  0   0  0   0  0  0  0  0  0/0     0:00   0:00   0:00 
Manny Malhotra           0  1  1   1  0   0  0  0  0  0  7/9    13:58   0:00   0:00 
Michael Raffl            1  0  1   0  0   3  1  0  3  1  0/0     8:12   0:00   2:36 
Patrick Wiercioch        0  0  0  -1  0   0  1  0  1  1  0/0    17:53   2:22   2:48 
Ryan Garbutt             0  0  0   0  2   1  2  0  0  0  1/3    16:56   3:03   0:00 
Sam Gagner               0  1  1   0  0   2  1  1  2  0  1/2    19:25   3:03   1:28 
Teddy Purcell            1  0  1   0  0   3  2  0  1  0  3/9    19:46   2:54   6:02 
Tobias Enstrom           0  0  0  -1  6   3  1  2  1  2  0/0    25:58   3:35   2:02 
Vernon Fiddler           0  1  1   0  0   0  2  0  0  0  4/9    13:52   2:54   0:45 

3 Stars

1 - Drew Stafford (NJD)
2 - Tyler Johnson (NJD)
3 - John Carlson (NJD)

Power Play

Devils - 2 on 6 Attempt(s) - 33.33%
BlueJackets - 0 on 3 Attempt(s) - 0.00%

Penalty Kill

Devils - 3 on 3 Attempt(s) - 100.00% - Score 0 goal in Penalty Kill
BlueJackets - 4 on 6 Attempt(s) - 66.67% - Score 0 goal in Penalty Kill

Team Stat

Devils - Hits : 16 - Faceoff Wins : 23 - Blocked Shots : 13 - Penalty Minutes : 6
BlueJackets - Hits : 19 - Faceoff Wins : 25 - Blocked Shots : 11 - Penalty Minutes : 12

Official

Referees : Unknown
Linesman : Unknown

Game Notes

Drew Stafford has scored a Hat Trick!

Finance

Level 1 -- Attendance: 4031 (67.18%) -- Ticket Income $403,100
Level 2 -- Attendance: 3581 (71.62%) -- Ticket Income $214,860
Level 3 -- Attendance: 1368 (68.40%) -- Ticket Income $47,880
Level 4 -- Attendance: 2831 (70.78%) -- Ticket Income $56,620
Luxury Box -- Attendance: 713 (71.30%) -- Ticket Income $142,600
Game was played at the Nationwide Arena'
Total Attendance: 12524 (69.58%)
Total Ticket Income: $865,060
Other Income: $423,879
Total Income: $1,288,939

Devils

5 vs 5 Forward 
   Center                   Left Wing                Right Wing               Time % Phy DF OF 
 1 Tyler Johnson            Drew Stafford            Jamie McGinn             35     1   2  2  
 2 Patrik Berglund          Martin Erat              Kris Versteeg            30     1   2  2  
 3 Alex Tanguay             Ales Hemsky              Adam Burish              22     1   2  2  
 4 Jay Beagle               Ryan Jones               Jason Akeson             13     1   2  2  

5 vs 5 Defense 
   Defense                  Defense                                           Time % Phy DF OF 
 1 John Carlson             Brent Seabrook                                    35     1   2  2  
 2 Tim Gleason              Scooter Vaughan                                   30     1   2  2  
 3 Matt Irwin               David Warsofsky                                   22     1   2  2  
 4 John Carlson             Brent Seabrook                                    13     1   2  2  

PowerPlay Forward 
   Center                   Left Wing                Right Wing               Time % Phy DF OF 
 1 Tyler Johnson            Drew Stafford            Jamie McGinn             60     1   2  2  
 2 Patrik Berglund          Martin Erat              Kris Versteeg            40     1   2  2  

PowerPlay Defense
   Defense                  Defense                                           Time % Phy DF OF 
 1 John Carlson             Brent Seabrook                                    60     1   2  2  
 2 Tim Gleason              Scooter Vaughan                                   40     1   2  2  

Penalty Kill 4 Players Forward 
   Center                   Wing                     Time % Phy DF OF 
 1 Drew Stafford            Tyler Johnson            60     1   2  2  
 2 Patrik Berglund          Jamie McGinn             40     1   2  2  

Penalty Kill 4 Players Defense
   Defense                  Defense                  Time % Phy DF OF 
 1 John Carlson             Brent Seabrook           60     1   2  2  
 2 Tim Gleason              Scooter Vaughan          40     1   2  2  

Penalty Kill - 3 Players Forward 
   Forward                                           Time % Phy DF OF 
 1 Drew Stafford                                     60     1   2  2  
 2 Tyler Johnson                                     40     1   2  2  

Penalty Kill - 3 Players Defense
   Defense                  Defense                  Time % Phy DF OF 
 1 John Carlson             Brent Seabrook           60     1   2  2  
 2 Tim Gleason              Scooter Vaughan          40     1   2  2  

4 vs 4 Forward 
   Center                   Wing                     Time % Phy DF OF 
 1 Drew Stafford            Tyler Johnson            60     1   2  2  
 2 Patrik Berglund          Jamie McGinn             40     1   2  2  

4 vs 4 Defense
   Defense                  Defense                  Time % Phy DF OF 
 1 John Carlson             Brent Seabrook           60     1   2  2  
 2 Tim Gleason              Scooter Vaughan          40     1   2  2  

Last Minutes Offensive
   Center                   Left Wing                Right Wing               Defense                  Defense                  
   Tyler Johnson            Drew Stafford            Jamie McGinn             John Carlson             Brent Seabrook           

Last Minutes Defensive
   Center                   Left Wing                Right Wing               Defense                  Defense                  
   Tyler Johnson            Drew Stafford            Jamie McGinn             John Carlson             Brent Seabrook           

Goaltenders
Starting : Thomas Greiss            
Backup : Jason Missiaen           

Extra Forwards
Normal : Alex Tanguay, Jay Beagle, Jason Akeson - PP : Alex Tanguay, Jay Beagle - PK : Jason Akeson
Extra Defensemen
Normal : Matt Irwin, David Warsofsky, Tim Gleason - PP : Matt Irwin - PK : David Warsofsky, Tim Gleason
Penalty Shots
Drew Stafford, Tyler Johnson, Patrik Berglund, Jamie McGinn, Martin Erat

BlueJackets

5 vs 5 Forward 
   Center                   Left Wing                Right Wing               Time % Phy DF OF 
 1 Manny Malhotra           Erik Cole                Sam Gagner               35     1   2  2  
 2 Vernon Fiddler           Teddy Purcell            Justin Williams          30     1   2  2  
 3 Drew Shore               Ryan Garbutt             Jesse Winchester         22     1   2  2  
 4 James Wright             Michael Raffl            Justin Williams          13     1   2  2  

5 vs 5 Defense 
   Defense                  Defense                                           Time % Phy DF OF 
 1 Tobias Enstrom           Chad Ruhwedel                                     35     1   2  2  
 2 Adam Pardy               Kevin Klein                                       30     1   2  2  
 3 Patrick Wiercioch        Kevin Connauton                                   22     1   2  2  
 4 Tobias Enstrom           Kevin Klein                                       13     1   2  2  

PowerPlay Forward 
   Center                   Left Wing                Right Wing               Time % Phy DF OF 
 1 Ryan Garbutt             Erik Cole                Sam Gagner               60     1   2  2  
 2 Vernon Fiddler           Teddy Purcell            Justin Williams          40     1   2  2  

PowerPlay Defense
   Defense                  Defense                                           Time % Phy DF OF 
 1 Tobias Enstrom           Adam Pardy                                        60     1   2  2  
 2 Patrick Wiercioch        Kevin Klein                                       40     1   2  2  

Penalty Kill 4 Players Forward 
   Center                   Wing                     Time % Phy DF OF 
 1 Teddy Purcell            Justin Williams          60     1   2  2  
 2 Sam Gagner               Erik Cole                40     1   2  2  

Penalty Kill 4 Players Defense
   Defense                  Defense                  Time % Phy DF OF 
 1 Tobias Enstrom           Adam Pardy               60     1   2  2  
 2 Patrick Wiercioch        Kevin Klein              40     1   2  2  

Penalty Kill - 3 Players Forward 
   Forward                                           Time % Phy DF OF 
 1 Erik Cole                                         60     1   2  2  
 2 Justin Williams                                   40     1   2  2  

Penalty Kill - 3 Players Defense
   Defense                  Defense                  Time % Phy DF OF 
 1 Tobias Enstrom           Adam Pardy               60     1   2  2  
 2 Kevin Connauton          Kevin Klein              40     1   2  2  

4 vs 4 Forward 
   Center                   Wing                     Time % Phy DF OF 
 1 Ryan Garbutt             Justin Williams          60     1   2  2  
 2 Teddy Purcell            Erik Cole                40     1   2  2  

4 vs 4 Defense
   Defense                  Defense                  Time % Phy DF OF 
 1 Tobias Enstrom           Patrick Wiercioch        60     1   2  2  
 2 Adam Pardy               Kevin Klein              40     1   2  2  

Last Minutes Offensive
   Center                   Left Wing                Right Wing               Defense                  Defense                  
   Manny Malhotra           Erik Cole                Sam Gagner               Tobias Enstrom           Adam Pardy               

Last Minutes Defensive
   Center                   Left Wing                Right Wing               Defense                  Defense                  
   Manny Malhotra           Erik Cole                Sam Gagner               Tobias Enstrom           Adam Pardy               

Goaltenders
Starting : Jake Allen               
Backup : Joni Ortio               

Extra Forwards
Normal : Ryan Garbutt, Drew Shore, James Wright - PP : Ryan Garbutt, Drew Shore - PK : James Wright
Extra Defensemen
Normal : Kevin Klein, Adam Pardy, Tobias Enstrom - PP : Tobias Enstrom - PK : Kevin Klein, Tobias Enstrom
Penalty Shots
James Wright, Justin Williams, Sam Gagner, Erik Cole, Teddy Purcell

% Time on Ice - Devils

Lines # - Real PCT - Wanted PCT - Time Play
Normal Forward
1 - 28% - 35% - 12:33
2 - 30% - 30% - 13:29
3 - 24% - 22% - 10:41
4 - 18% - 13% - 8:10
Normal Defense
1 - 33% - 35% - 14:39
2 - 33% - 30% - 14:42
3 - 29% - 22% - 12:55
4 - 6% - 13% - 2:37
PP Forward
1 - 52% - 60% - 4:48
2 - 48% - 40% - 4:22
PP Defense
1 - 61% - 60% - 5:36
2 - 39% - 40% - 3:34
PK Forward
1 - 85% - 60% - 5:03
2 - 15% - 40% - 0:54
PK Defense
1 - 62% - 60% - 3:43
2 - 38% - 40% - 2:14
PK3 Forward
1 - 0% - 60%
2 - 0% - 40%
PK3 Defense
1 - 0% - 60%
2 - 0% - 40%
44 Forward
1 - 0% - 60%
2 - 0% - 40%
44 Defense
1 - 0% - 60%
2 - 0% - 40%
Last Minute Offensive  - 0:00
Last Minute Defensive  - 0:00
Total
Forward - 60:00
Defense - 60:00

% Time on Ice - BlueJackets

Lines # - Real PCT - Wanted PCT - Time Play
Normal Forward
1 - 33% - 35% - 14:56
2 - 24% - 30% - 10:48
3 - 30% - 22% - 13:33
4 - 12% - 13% - 5:36
Normal Defense
1 - 38% - 35% - 17:06
2 - 26% - 30% - 11:51
3 - 28% - 22% - 12:39
4 - 7% - 13% - 3:17
PP Forward
1 - 51% - 60% - 3:03
2 - 49% - 40% - 2:54
PP Defense
1 - 60% - 60% - 3:35
2 - 40% - 40% - 2:22
PK Forward
1 - 84% - 60% - 7:42
2 - 16% - 40% - 1:28
PK Defense
1 - 69% - 60% - 6:22
2 - 31% - 40% - 2:48
PK3 Forward
1 - 0% - 60%
2 - 0% - 40%
PK3 Defense
1 - 0% - 60%
2 - 0% - 40%
44 Forward
1 - 0% - 60%
2 - 0% - 40%
44 Defense
1 - 0% - 60%
2 - 0% - 40%
Last Minute Offensive  - 0:00
Last Minute Defensive  - 0:00
Total
Forward - 60:00
Defense - 60:00

Play by Play

1st period


0:01 of 1st period - Tyler Johnson wins face-off versus Sam Gagner in neutral zone.
1:03 of 1st period - Patrik Berglund is hit by Teddy Purcell.
1:07 of 1st period - Tim Gleason is hit by Adam Pardy and loses puck.
1:16 of 1st period - Snap shot by Kris Versteeg.
1:16 of 1st period - Stopped by Jake Allen with a rebound.
1:20 of 1st period - Wrist shot by Patrik Berglund.
1:20 of 1st period - Shot Misses the Net.
2:20 of 1st period - Wrist shot by Ryan Jones.
2:20 of 1st period - Stopped by Jake Allen without a rebound.
2:21 of 1st period - Jay Beagle wins face-off versus James Wright in BlueJackets zone.
2:32 of 1st period - Wrist shot by Ryan Jones.
2:32 of 1st period - Shot Misses the Net.
2:36 of 1st period - Wrist shot by Ryan Jones.
2:36 of 1st period - Stopped by Jake Allen without a rebound.
2:37 of 1st period - James Wright wins face-off versus Jamie McGinn in BlueJackets zone.
2:58 of 1st period - Wrist shot by Drew Stafford.
2:58 of 1st period - Goal by Drew Stafford - Devils : 1 - BlueJackets : 0.
2:59 of 1st period - Patrik Berglund wins face-off versus Manny Malhotra in neutral zone.
3:15 of 1st period - Off-side.
3:16 of 1st period - Manny Malhotra wins face-off versus Patrik Berglund in neutral zone.
3:59 of 1st period - Icing by Brent Seabrook.
4:00 of 1st period - Patrik Berglund wins face-off versus Vernon Fiddler in Devils zone.
4:05 of 1st period - Vernon Fiddler is hit by Brent Seabrook and loses puck.
5:16 of 1st period - Tim Gleason is hit by Jesse Winchester and loses puck.
6:11 of 1st period - Jason Akeson is hit by Adam Pardy and loses puck.
6:20 of 1st period - Patrick Wiercioch is hit by Matt Irwin.
6:38 of 1st period - Wrist shot by Ryan Jones.
6:38 of 1st period - Shot Misses the Net.
8:51 of 1st period - Michael Raffl is hit by Brent Seabrook and loses puck.
8:58 of 1st period - Ales Hemsky is hit by Kevin Klein and loses puck.
9:25 of 1st period - Snap shot by Martin Erat.
9:25 of 1st period - Stopped by Jake Allen with a rebound.
11:20 of 1st period - Minor Penalty to Justin Williams for Hooking.
11:21 of 1st period - Teddy Purcell wins face-off versus Tyler Johnson in BlueJackets zone.
11:28 of 1st period - Slapshot by Tobias Enstrom.
11:28 of 1st period - Shot Blocked by Brent Seabrook.
11:45 of 1st period - Brent Seabrook is hit by Michael Raffl and loses puck.
11:52 of 1st period - Adam Pardy is hit by Brent Seabrook and loses puck.
12:16 of 1st period - Tobias Enstrom is hit by Patrik Berglund and loses puck.
12:58 of 1st period - Patrick Wiercioch is hit by Patrik Berglund and loses puck.
13:20 of 1st period - Penalty to Justin Williams is over, Justin Williams is back on ice.
13:38 of 1st period - Snap shot by Erik Cole.
13:38 of 1st period - Deflect By Sam Gagner.
13:38 of 1st period - Shot Misses the Net.
13:38 of 1st period - Puck is out of play.
13:39 of 1st period - Alex Tanguay wins face-off versus Ryan Garbutt in Devils zone.
14:04 of 1st period - Brent Seabrook is hit by Jesse Winchester and loses puck.
14:09 of 1st period - Slapshot by Tobias Enstrom.
14:09 of 1st period - Stopped by Thomas Greiss with a rebound.
14:50 of 1st period - Wrist shot by Erik Cole.
14:50 of 1st period - Goal by Erik Cole - Devils : 1 - BlueJackets : 1.
14:51 of 1st period - Tyler Johnson wins face-off versus Vernon Fiddler in neutral zone.
15:04 of 1st period - Snap shot by Teddy Purcell.
15:04 of 1st period - Deflect By Justin Williams.
15:04 of 1st period - Stopped by Thomas Greiss without a rebound.
15:05 of 1st period - Tyler Johnson wins face-off versus Vernon Fiddler in Devils zone.
15:29 of 1st period - Wrist shot by Drew Stafford.
15:29 of 1st period - Stopped by Jake Allen without a rebound.
15:30 of 1st period - Manny Malhotra wins face-off versus Patrik Berglund in BlueJackets zone.
17:24 of 1st period - Wrist shot by Michael Raffl.
17:24 of 1st period - Shot Blocked by John Carlson.
17:26 of 1st period - Snap shot by Michael Raffl.
17:26 of 1st period - Stopped by Thomas Greiss with a rebound.
17:28 of 1st period - Slapshot by Adam Pardy.
17:28 of 1st period - Stopped by Thomas Greiss with a rebound.
17:30 of 1st period - Slapshot by Kevin Klein.
17:30 of 1st period - Stopped by Thomas Greiss with a rebound.
17:32 of 1st period - Snap shot by Michael Raffl.
17:32 of 1st period - Goal by Michael Raffl - Devils : 1 - BlueJackets : 2.
17:33 of 1st period - Patrik Berglund wins face-off versus Vernon Fiddler in neutral zone.
17:35 of 1st period - Minor Penalty to Patrik Berglund for Hooking.
17:36 of 1st period - Ryan Garbutt wins face-off versus Drew Stafford in Devils zone.
17:48 of 1st period - Slapshot by Sam Gagner.
17:48 of 1st period - Shot Blocked by Drew Stafford.
18:39 of 1st period - Slapshot by Tyler Johnson.
18:39 of 1st period - Shot Misses the Net.
19:35 of 1st period - Penalty to Patrik Berglund is over, Patrik Berglund is back on ice.
Goals for this period are 1 for Devils vs 2 for BlueJackets.
Shots for this period are 6 for Devils vs 7 for BlueJackets.

2nd period


0:01 of 2nd period - Manny Malhotra wins face-off versus Tyler Johnson in neutral zone.
0:04 of 2nd period - John Carlson is hit by Sam Gagner.
0:23 of 2nd period - Minor Penalty to Tyler Johnson for Hooking.
0:24 of 2nd period - Drew Stafford wins face-off versus Ryan Garbutt in Devils zone.
1:10 of 2nd period - Wrist shot by Teddy Purcell.
1:10 of 2nd period - Stopped by Thomas Greiss without a rebound.
1:11 of 2nd period - Vernon Fiddler wins face-off versus Drew Stafford in Devils zone.
2:03 of 2nd period - Tim Gleason is hit by Ryan Garbutt.
2:17 of 2nd period - John Carlson is hit by Ryan Garbutt and loses puck.
2:23 of 2nd period - Penalty to Tyler Johnson is over, Tyler Johnson is back on ice.
2:38 of 2nd period - Snap shot by Erik Cole.
2:38 of 2nd period - Shot Misses the Net.
2:40 of 2nd period - Snap shot by Ryan Garbutt.
2:40 of 2nd period - Stopped by Thomas Greiss with a rebound.
2:55 of 2nd period - Wrist shot by Michael Raffl.
2:55 of 2nd period - Stopped by Thomas Greiss with a rebound.
3:05 of 2nd period - Snap shot by Justin Williams.
3:05 of 2nd period - Stopped by Thomas Greiss with a rebound.
3:07 of 2nd period - Wrist shot by Michael Raffl.
3:07 of 2nd period - Shot Misses the Net.
3:27 of 2nd period - Wrist shot by Ryan Garbutt.
3:27 of 2nd period - Deflect By Jesse Winchester.
3:27 of 2nd period - Shot Misses the Net.
3:27 of 2nd period - Puck is out of play.
3:28 of 2nd period - Patrik Berglund wins face-off versus Drew Shore in Devils zone.
3:50 of 2nd period - Icing by Ryan Garbutt.
3:51 of 2nd period - Drew Shore wins face-off versus Alex Tanguay in BlueJackets zone.
4:20 of 2nd period - Tim Gleason is hit by Teddy Purcell and loses puck.
4:50 of 2nd period - Off-side.
4:51 of 2nd period - James Wright wins face-off versus Patrik Berglund in neutral zone.
5:02 of 2nd period - Wrist shot by Kris Versteeg.
5:02 of 2nd period - Shot Misses the Net.
5:04 of 2nd period - Slapshot by Kris Versteeg.
5:04 of 2nd period - Shot Misses the Net.
5:06 of 2nd period - Wrist shot by Patrik Berglund.
5:06 of 2nd period - Shot Misses the Net.
5:08 of 2nd period - Snap shot by Matt Irwin.
5:08 of 2nd period - Stopped by Jake Allen with a rebound.
5:10 of 2nd period - Backhand shot by David Warsofsky.
5:10 of 2nd period - Shot Blocked by James Wright.
5:12 of 2nd period - Slapshot by Matt Irwin.
5:12 of 2nd period - Shot Misses the Net.
5:34 of 2nd period - Slapshot by Erik Cole.
5:34 of 2nd period - Shot Misses the Net.
5:48 of 2nd period - Jay Beagle is hit by Erik Cole and loses puck.
6:42 of 2nd period - Snap shot by Teddy Purcell.
6:42 of 2nd period - Goal by Teddy Purcell - Devils : 1 - BlueJackets : 3.
6:43 of 2nd period - Manny Malhotra wins face-off versus Patrik Berglund in neutral zone.
7:41 of 2nd period - Adam Burish is hit by Jesse Winchester and loses puck.
8:07 of 2nd period - Icing by Tobias Enstrom.
8:08 of 2nd period - Vernon Fiddler wins face-off versus Jay Beagle in BlueJackets zone.
8:32 of 2nd period - Wrist shot by Ryan Jones.
8:32 of 2nd period - Shot Misses the Net.
8:52 of 2nd period - Jason Akeson is hit by Erik Cole and loses puck.
9:29 of 2nd period - Minor Penalty to Patrik Berglund for Delaying the game.
9:30 of 2nd period - Drew Stafford wins face-off versus Vernon Fiddler in Devils zone.
9:39 of 2nd period - Drew Stafford is hit by Vernon Fiddler and loses puck.
9:50 of 2nd period - Snap shot by Teddy Purcell.
9:50 of 2nd period - Shot Misses the Net.
11:29 of 2nd period - Penalty to Patrik Berglund is over, Patrik Berglund is back on ice.
11:33 of 2nd period - Snap shot by Tobias Enstrom.
11:33 of 2nd period - Shot Blocked by Tim Gleason.
11:51 of 2nd period - Tobias Enstrom is hit by Scooter Vaughan and loses puck.
12:17 of 2nd period - Snap shot by Patrik Berglund.
12:17 of 2nd period - Stopped by Jake Allen with a rebound.
14:07 of 2nd period - Snap shot by Teddy Purcell.
14:07 of 2nd period - Shot Blocked by John Carlson.
14:09 of 2nd period - Snap shot by Vernon Fiddler.
14:09 of 2nd period - Shot Blocked by John Carlson.
15:07 of 2nd period - Sam Gagner is hit by John Carlson and loses puck.
15:40 of 2nd period - Slapshot by Jay Beagle.
15:40 of 2nd period - Stopped by Jake Allen with a rebound.
15:42 of 2nd period - Snap shot by Jason Akeson.
15:42 of 2nd period - Shot Misses the Net.
15:44 of 2nd period - Wrist shot by Jay Beagle.
15:44 of 2nd period - Stopped by Jake Allen without a rebound.
15:45 of 2nd period - Patrik Berglund wins face-off versus Drew Shore in BlueJackets zone.
15:54 of 2nd period - Tobias Enstrom is hit by Patrik Berglund.
16:30 of 2nd period - Snap shot by Ryan Jones.
16:30 of 2nd period - Shot Blocked by Kevin Klein.
16:32 of 2nd period - Minor Penalty to Adam Pardy for High sticking.
16:33 of 2nd period - Tyler Johnson wins face-off versus Teddy Purcell in BlueJackets zone.
16:34 of 2nd period - Wrist shot by Drew Stafford.
16:34 of 2nd period - Goal by Drew Stafford - Devils : 2 - BlueJackets : 3.
16:35 of 2nd period - Manny Malhotra wins face-off versus Tyler Johnson in neutral zone.
17:24 of 2nd period - Snap shot by Alex Tanguay.
17:24 of 2nd period - Shot Blocked by Kevin Klein.
17:54 of 2nd period - Wrist shot by Ales Hemsky.
17:54 of 2nd period - Shot Blocked by Chad Ruhwedel.
18:16 of 2nd period - Vernon Fiddler is hit by Matt Irwin and loses puck.
18:21 of 2nd period - Wrist shot by Patrik Berglund.
18:21 of 2nd period - Shot Misses the Net.
18:23 of 2nd period - Slapshot by John Carlson.
18:23 of 2nd period - Stopped by Jake Allen without a rebound.
18:24 of 2nd period - Vernon Fiddler wins face-off versus Patrik Berglund in BlueJackets zone.
18:24 of 2nd period - Vernon Fiddler is hit by Patrik Berglund.
18:50 of 2nd period - Patrik Berglund is hit by Patrick Wiercioch and loses puck.
19:17 of 2nd period - Wrist shot by Tyler Johnson.
19:17 of 2nd period - Shot Misses the Net.
Goals for this period are 1 for Devils vs 1 for BlueJackets.
Shots for this period are 6 for Devils vs 5 for BlueJackets.

3rd period


0:01 of 3rd period - Vernon Fiddler wins face-off versus Tyler Johnson in neutral zone.
0:32 of 3rd period - Wrist shot by John Carlson.
0:32 of 3rd period - Shot Blocked by Adam Pardy.
0:34 of 3rd period - Wrist shot by Tyler Johnson.
0:34 of 3rd period - Deflect By Drew Stafford.
0:34 of 3rd period - Goal by Drew Stafford - Devils : 3 - BlueJackets : 3.
0:35 of 3rd period - Patrik Berglund wins face-off versus Manny Malhotra in neutral zone.
0:39 of 3rd period - Minor Penalty to Tobias Enstrom for Hooking.
0:40 of 3rd period - Tyler Johnson wins face-off versus Teddy Purcell in BlueJackets zone.
0:45 of 3rd period - Snap shot by Tyler Johnson.
0:45 of 3rd period - Stopped by Jake Allen with a rebound.
0:47 of 3rd period - Snap shot by John Carlson.
0:47 of 3rd period - Deflect By Drew Stafford.
0:47 of 3rd period - Deflect By Justin Williams.
0:47 of 3rd period - Stopped by Jake Allen without a rebound.
0:48 of 3rd period - Tyler Johnson wins face-off versus Teddy Purcell in BlueJackets zone.
1:44 of 3rd period - Kevin Klein is hit by Martin Erat.
2:15 of 3rd period - Icing by John Carlson.
2:16 of 3rd period - Sam Gagner wins face-off versus Tyler Johnson in Devils zone.
2:32 of 3rd period - Wrist shot by Teddy Purcell.
2:32 of 3rd period - Stopped by Thomas Greiss without a rebound.
2:33 of 3rd period - Teddy Purcell wins face-off versus Patrik Berglund in Devils zone.
2:34 of 3rd period - Snap shot by Justin Williams.
2:34 of 3rd period - Shot Misses the Net.
2:39 of 3rd period - Penalty to Tobias Enstrom is over, Tobias Enstrom is back on ice.
2:46 of 3rd period - Slapshot by Patrik Berglund.
2:46 of 3rd period - Shot Misses the Net.
2:48 of 3rd period - Snap shot by Patrik Berglund.
2:48 of 3rd period - Shot Misses the Net.
3:26 of 3rd period - Wrist shot by Alex Tanguay.
3:26 of 3rd period - Deflect By Ales Hemsky.
3:26 of 3rd period - Stopped by Jake Allen with a rebound.
3:28 of 3rd period - Slapshot by David Warsofsky.
3:28 of 3rd period - Shot Blocked by Kevin Connauton.
3:30 of 3rd period - Wrist shot by Matt Irwin.
3:30 of 3rd period - Shot Misses the Net.
3:32 of 3rd period - Wrist shot by Matt Irwin.
3:32 of 3rd period - Shot Misses the Net.
3:34 of 3rd period - Wrist shot by Ales Hemsky.
3:34 of 3rd period - Stopped by Jake Allen with a rebound.
4:13 of 3rd period - Wrist shot by Jay Beagle.
4:13 of 3rd period - Shot Misses the Net.
4:15 of 3rd period - Slapshot by Scooter Vaughan.
4:15 of 3rd period - Stopped by Jake Allen without a rebound.
4:16 of 3rd period - Drew Shore wins face-off versus Tyler Johnson in BlueJackets zone.
4:23 of 3rd period - Slapshot by Tobias Enstrom.
4:23 of 3rd period - Stopped by Thomas Greiss without a rebound.
4:24 of 3rd period - Drew Shore wins face-off versus Tyler Johnson in Devils zone.
4:33 of 3rd period - Snap shot by Jamie McGinn.
4:33 of 3rd period - Stopped by Jake Allen with a rebound.
4:35 of 3rd period - Slapshot by Tyler Johnson.
4:35 of 3rd period - Shot Blocked by Jesse Winchester.
4:37 of 3rd period - Slapshot by Scooter Vaughan.
4:37 of 3rd period - Shot Blocked by Tobias Enstrom.
4:39 of 3rd period - Slapshot by Tim Gleason.
4:39 of 3rd period - Deflect By Drew Stafford.
4:39 of 3rd period - Shot Blocked by Tobias Enstrom.
4:39 of 3rd period - Puck is out of play.
4:40 of 3rd period - Drew Shore wins face-off versus Patrik Berglund in BlueJackets zone.
5:07 of 3rd period - Wrist shot by Drew Shore.
5:07 of 3rd period - Shot Misses the Net.
6:08 of 3rd period - Icing by Drew Stafford.
6:09 of 3rd period - Tyler Johnson wins face-off versus Drew Shore in Devils zone.
6:14 of 3rd period - Snap shot by Drew Stafford.
6:14 of 3rd period - Stopped by Jake Allen without a rebound.
6:15 of 3rd period - Drew Shore wins face-off versus Alex Tanguay in BlueJackets zone.
6:28 of 3rd period - Slapshot by Ryan Garbutt.
6:28 of 3rd period - Shot Misses the Net.
7:31 of 3rd period - Snap shot by Teddy Purcell.
7:31 of 3rd period - Deflect By Justin Williams.
7:31 of 3rd period - Stopped by Thomas Greiss with a rebound.
7:33 of 3rd period - Slapshot by Teddy Purcell.
7:33 of 3rd period - Shot Misses the Net.
7:35 of 3rd period - Slapshot by Tobias Enstrom.
7:35 of 3rd period - Shot Blocked by Scooter Vaughan.
7:37 of 3rd period - Slapshot by Chad Ruhwedel.
7:37 of 3rd period - Shot Blocked by Tim Gleason.
7:45 of 3rd period - Slapshot by Tobias Enstrom.
7:45 of 3rd period - Shot Blocked by Tim Gleason.
7:55 of 3rd period - Patrik Berglund is hit by James Wright and loses puck.
9:05 of 3rd period - Minor Penalty to Ryan Garbutt for Hooking.
9:06 of 3rd period - Tyler Johnson wins face-off versus Teddy Purcell in BlueJackets zone.
9:08 of 3rd period - Slapshot by Drew Stafford.
9:08 of 3rd period - Shot Misses the Net.
9:14 of 3rd period - Snap shot by Drew Stafford.
9:14 of 3rd period - Stopped by Jake Allen without a rebound.
9:15 of 3rd period - Tyler Johnson wins face-off versus Justin Williams in BlueJackets zone.
9:20 of 3rd period - Wrist shot by Tyler Johnson.
9:20 of 3rd period - Deflect By Tobias Enstrom.
9:20 of 3rd period - Shot Misses the Net.
9:20 of 3rd period - Puck is out of play.
9:21 of 3rd period - Teddy Purcell wins face-off versus Tyler Johnson in BlueJackets zone.
9:53 of 3rd period - Off-side.
9:54 of 3rd period - Patrik Berglund wins face-off versus Teddy Purcell in neutral zone.
10:16 of 3rd period - Backhand shot by Kris Versteeg.
10:16 of 3rd period - Goal by Kris Versteeg - Devils : 4 - BlueJackets : 3.
10:17 of 3rd period - Manny Malhotra wins face-off versus Drew Stafford in neutral zone.
10:35 of 3rd period - Double Minor Penalty to Tobias Enstrom for Roughing.
10:36 of 3rd period - Tyler Johnson wins face-off versus Teddy Purcell in BlueJackets zone.
10:56 of 3rd period - Wrist shot by Tyler Johnson.
10:56 of 3rd period - Shot Blocked by Kevin Klein.
11:42 of 3rd period - Slapshot by Adam Pardy.
11:42 of 3rd period - Shot Blocked by Brent Seabrook.
11:50 of 3rd period - Chad Ruhwedel is hit by Martin Erat and loses puck.
12:38 of 3rd period - Wrist shot by Kris Versteeg.
12:38 of 3rd period - Shot Blocked by Sam Gagner.
14:35 of 3rd period - Penalty to Tobias Enstrom is over, Tobias Enstrom is back on ice.
14:50 of 3rd period - Snap shot by Tyler Johnson.
14:50 of 3rd period - Goal by Tyler Johnson - Devils : 5 - BlueJackets : 3.
14:51 of 3rd period - Drew Shore wins face-off versus Alex Tanguay in neutral zone.
14:56 of 3rd period - Wrist shot by Jesse Winchester.
14:56 of 3rd period - Shot Misses the Net.
14:58 of 3rd period - Snap shot by Jesse Winchester.
14:58 of 3rd period - Shot Blocked by David Warsofsky.
15:00 of 3rd period - Wrist shot by Drew Shore.
15:00 of 3rd period - Shot Blocked by Adam Burish.
15:08 of 3rd period - Snap shot by Ryan Garbutt.
15:08 of 3rd period - Deflect By Drew Shore.
15:08 of 3rd period - Shot Misses the Net.
15:08 of 3rd period - Puck is out of play.
15:09 of 3rd period - Alex Tanguay wins face-off versus Drew Shore in Devils zone.
15:20 of 3rd period - Slapshot by Tobias Enstrom.
15:20 of 3rd period - Stopped by Thomas Greiss with a rebound.
15:32 of 3rd period - Slapshot by Matt Irwin.
15:32 of 3rd period - Shot Misses the Net.
15:51 of 3rd period - John Carlson is hit by Tobias Enstrom and loses puck.
16:06 of 3rd period - Snap shot by Erik Cole.
16:06 of 3rd period - Stopped by Thomas Greiss with a rebound.
16:20 of 3rd period - Snap shot by Sam Gagner.
16:20 of 3rd period - Shot Misses the Net.
16:22 of 3rd period - Snap shot by Sam Gagner.
16:22 of 3rd period - Stopped by Thomas Greiss with a rebound.
17:12 of 3rd period - Slapshot by Justin Williams.
17:12 of 3rd period - Stopped by Thomas Greiss without a rebound.
17:13 of 3rd period - James Wright wins face-off versus Alex Tanguay in Devils zone.
17:14 of 3rd period - Wrist shot by Justin Williams.
17:14 of 3rd period - Shot Misses the Net.
17:24 of 3rd period - Snap shot by Justin Williams.
17:24 of 3rd period - Deflect By Alex Tanguay.
17:24 of 3rd period - Stopped by Thomas Greiss without a rebound.
17:25 of 3rd period - Alex Tanguay wins face-off versus Drew Shore in Devils zone.
17:34 of 3rd period - Adam Pardy is hit by Ales Hemsky and loses puck.
17:49 of 3rd period - Wrist shot by Alex Tanguay.
17:49 of 3rd period - Stopped by Jake Allen without a rebound.
17:50 of 3rd period - Manny Malhotra wins face-off versus Patrik Berglund in BlueJackets zone.
18:21 of 3rd period - Snap shot by Erik Cole.
18:21 of 3rd period - Stopped by Thomas Greiss with a rebound.
18:23 of 3rd period - Snap shot by Manny Malhotra.
18:23 of 3rd period - Deflect By Sam Gagner.
18:23 of 3rd period - Stopped by Thomas Greiss with a rebound.
18:25 of 3rd period - Snap shot by Erik Cole.
18:25 of 3rd period - Shot Blocked by Tim Gleason.
18:27 of 3rd period - Slapshot by Sam Gagner.
18:27 of 3rd period - Shot Misses the Net.
18:42 of 3rd period - Brent Seabrook is hit by Vernon Fiddler and loses puck.
19:16 of 3rd period - Chad Ruhwedel is hit by David Warsofsky and loses puck.
19:56 of 3rd period - Kevin Klein is hit by Matt Irwin and loses puck.
Goals for this period are 3 for Devils vs 0 for BlueJackets.
Shots for this period are 12 for Devils vs 10 for BlueJackets.


Output by the SimonT Hockey Simulator (STHS) for Eric Dolegowski -- Original Page W3C XHTML 1.0 Valid
Hockey Simulator - Hockey Simulation - Hockey Manager